 Dungeon Crawl Stone Soup version 0.13.1-25-g341c717 (webtiles) character file.

5318 Nicoed the Fighter (level 10, -5/86 HPs)
             Began as a Minotaur Fighter on Jan 16, 2014.
             Was a Believer of Okawaru.
             Slain by a death cob (8 damage)
             ... created by the anger of Yredelemnul
             ... on Level 8 of the Dungeon.
             The game lasted 00:37:33 (8674 turns).

Nicoed the Fighter (Minotaur Fighter)               Turns: 8674, Time: 00:37:33

HP  -5/86        AC 17     Str 26      XL: 10   Next: 27%
MP   3/3         EV  7     Int  5      God: Okawaru [**....]
Gold 414         SH 24     Dex 11      Spells:  0 memorised,  9 levels left

Res.Fire  : . . .   See Invis. : .   t - +2,+1 orc falchion
Res.Cold  : . . .   Warding    : .   l - +2 elf chain mail {MR+}
Life Prot.: . . .   Conserve   : .   c - +0 shield
Res.Poison: .       Res.Corr.  : .   (helmet restricted)
Res.Elec. : .       Clarity    : .   C - +0 cloak
Sust.Abil.: . .     Spirit.Shd : .   d - +0 pair of gauntlets
Res.Mut.  : .       Stasis     : +   g - +0 pair of boots
Res.Rott. : .       Flight     : .   I - amulet of stasis
Saprovore : . . .                    (no ring)
                                     e - +3 ring of strength

@: quite resistant to hostile enchantments, extremely unstealthy
A: retaliatory headbutt, horns 2
a: Heroism, Renounce Religion


You were on level 8 of the Dungeon.
You worshipped Okawaru.
Okawaru was pleased with you.
You were not hungry.

You visited 2 branches of the dungeon, and saw 10 of its levels.

You collected 394 gold pieces.

Inventory:

Hand weapons
 t - a +2,+1 orcish falchion (weapon)
 J - a +0,+0 long sword
Armour
 c - a +0 shield (worn)
 d - a +0 pair of gauntlets (worn)
 g - a +0 pair of boots (worn)
 l - a +2 elven chain mail of magic resistance (worn)
 C - a +0 cloak (worn)
Magical devices
 v - a wand of confusion (19)
 y - a wand of magic darts (15)
 E - a wand of random effects (9)
 K - a wand of random effects (7)
Comestibles
 w - a bread ration
 x - an apple
 A - 3 meat rations
 G - 6 honeycombs
 H - 3 cheeses
 M - 3 lemons
Scrolls
 b - a scroll of fear
 f - a scroll of enchant weapon I
 i - 3 scrolls of recharging
 k - 2 scrolls of teleportation
 m - a scroll of enchant armour
 r - a scroll of enchant weapon II {unknown}
 s - a scroll of amnesia {unknown}
 u - a scroll of blinking {unknown}
 F - a scroll of curse armour {unknown}
Jewellery
 e - a +3 ring of strength (left hand)
 I - an amulet of stasis (around neck)
Potions
 a - 2 potions of restore abilities
 h - 3 potions of curing
 j - 2 potions of speed {unknown}
 n - a potion of mutation {unknown}
 o - a potion of agility
 z - 2 potions of flight
 B - 2 potions of brilliance
 L - a potion of porridge {unknown}
Books
 D - a book of Wizardry

   Spells                             Type                      Level
   Summon Elemental                   Summoning                    4
   Agony                              Necromancy                   5
   Force Lance                        Conjuration                  5
   Fireball                           Conjuration/Fire             5
   Haste                              Charms                       6
   Invisibility                       Hexes                        6


   Skills:
 + Level 9.0 Fighting
 + Level 8.5 Long Blades
 + Level 9.0 Armour
 + Level 7.2 Dodging
 + Level 9.0 Shields


You had 9 spell levels left.
You didn't know any spells.

Dungeon Overview and Level Annotations

Branches:
Dungeon (9/27)             Temple (1/1) D:6             Orc (0/4) D:7
   Lair: D:8-13

Altars:
Ashenzari
Cheibriados
Elyvilon
Fedhas
Kikubaaqudgha
Makhleb
Nemelex Xobeh
Okawaru
Trog
Vehumet
Xom
Yredelemnul
Zin
the Shining One

Shops:
D:5 /


Innate Abilities, Weirdness & Mutations

You reflexively headbutt those who attack you in melee.
You have a pair of horns on your head.


Message History

You block the death cob's attack.
You hit the death cob but do no damage.
The death cob is moderately damaged.
The death cob hits you!
* * * LOW HITPOINT WARNING * * *
The death cob completely misses you.
Unknown command.
You feel better. You block the death cob's attack.
The death cob hits you but does no damage.
You block the death cob's attack.
The death cob hits you but does no damage.
You block the death cob's attack. The death cob barely misses you.
You block the death cob's attack. The death cob hits you!
* * * LOW HITPOINT WARNING * * *
You block the death cob's attack. The death cob hits you.
* * * LOW HITPOINT WARNING * * *
You block the death cob's attack. The death cob hits you!
You die...

###############
######..............
###########.........#####.#.#.
#..........<..................
#.#.#######.####..#.#####.#.#.
#.#.# #.###...#.#####..... #.#.#
###.##......#...(..... #.#.#
#...%@##.##.#.#####.#.
####.#.#####....#.###..#.#####.#.
..............#....#.........#.#.
####.#.#####....###...##.###.#.##
.......#####.#.## ##..##.# #.#.##
.............#.# #..##.# #.#.##
.###.#########.## #<.##.# #.#.##
.###%# #..# #..##.# #.(.## .#.%>#
##.# #..##.####(.##


You could see a death cob.

Vanquished Creatures
  A hydra skeleton (D:8)
  Eustachio (D:3)
  6 yaks
  2 manticores (D:8)
  2 dwarves (D:8)
  2 sky beasts
  An orc warrior (D:6)
  An ice beast (D:8)
  A yellow wasp (D:8)
  2 centaurs
  3 ogres
  A phantom (D:5)
  A boring beetle (D:8)
  A brain worm (D:8)
  4 giant frogs
  12 killer bees
  The ghost of Turgon the Changer, a weakling MfTm (D:3)
  A goliath beetle (D:6)
  3 crimson imps
  2 hounds (D:4)
  3 iron imps (D:3)
  A giant frog skeleton (D:8)
  A scorpion (D:7)
  4 worker ants
  7 orc priests
  2 iguanas
  6 orc wizards
  2 quasits (D:3)
  Ijyb (D:2)
  A hound skeleton (D:8)
  Terence (D:2)
  3 gnolls (D:4)
  A giant centipede (D:8)
  11 adders
  A shadow imp (D:3)
  A giant mite (D:8)
  5 worms
  An ufetubus (D:3)
  An adder zombie (D:7)
  A scorpion zombie (D:6)
  A grey rat (D:3)
  2 adder skeletons (D:5)
  A giant eyeball (D:5)
  6 giant geckos
  An ooze (D:6)
  21 orcs
  2 ball pythons
  16 bats
  4 goblins
  16 hobgoblins
  16 jackals
  17 kobolds
  6 quokkas
  9 giant cockroaches
  6 giant newts
  2 hobgoblin skeletons
  11 rats
  A ballistomycete (D:6)
240 creatures vanquished.

Vanquished Creatures (others)
  A giant spore (D:6)
1 creature vanquished.

Grand Total: 241 creatures vanquished

Notes
Turn   | Place    | Note
--------------------------------------------------------------
     0 | D:1      | Nicoed, the Minotaur Fighter, began the quest for the Orb.
     0 | D:1      | Reached XP level 1. HP: 19/19 MP: 0/0
    87 | D:1      | Reached skill level 4 in Fighting
   133 | D:1      | Reached XP level 2. HP: 8/27 MP: 0/0
   588 | D:2      | Reached XP level 3. HP: 31/33 MP: 1/1
   632 | D:2      | Noticed Terence
   656 | D:2      | Killed Terence
   964 | D:2      | Noticed Ijyb
   988 | D:2      | Killed Ijyb
   988 | D:2      | Reached skill level 1 in Dodging
   988 | D:2      | Reached XP level 4. HP: 32/40 MP: 1/1
  1468 | D:3      | Reached XP level 5. HP: 36/46 MP: 1/1
  1566 | D:3      | Found a burning altar of Makhleb.
  1602 | D:3      | Reached skill level 5 in Armour
  1849 | D:3      | Reached XP level 6. HP: 31/53 MP: 2/2
  2025 | D:3      | Noticed Turgon's ghost (weakling MfTm)
  2042 | D:3      | Killed Turgon's ghost
  2042 | D:3      | Reached skill level 5 in Fighting
  2042 | D:3      | Reached skill level 5 in Shields
  2244 | D:3      | Found a sparkling altar of Nemelex Xobeh.
  2413 | D:4      | Noticed Eustachio
  2434 | D:3      | Killed Eustachio
  2434 | D:3      | Reached XP level 7. HP: 22/60 MP: 2/2
  2967 | D:3      | Reached skill level 5 in Long Blades
  3029 | D:4      | Found a radiant altar of Vehumet.
  3041 | D:4      | Found a white marble altar of Elyvilon.
  3045 | D:4      | Reached skill level 6 in Armour
  3053 | D:4      | Found a bloodstained altar of Trog.
  3889 | D:5      | Entered Level 5 of the Dungeon
  3910 | D:4      | Reached XP level 8. HP: 36/69 MP: 2/2
  3915 | D:4      | HP: 2/69 [ogre/giant spiked club (27)]
  4356 | D:5      | Found Blautu's Magical Wand Emporium.
  4566 | D:5      | Paralysed by a giant eyeball for 4 turns
  5344 | D:6      | Reached skill level 7 in Fighting
  5344 | D:6      | Reached skill level 5 in Dodging
  5370 | D:6      | Found a shimmering altar of Xom.
  5599 | D:6      | Found a staircase to the Ecumenical Temple.
  5624 | Temple   | Entered the Ecumenical Temple
  5648 | Temple   | Became a worshipper of Yredelemnul the Dark
  5758 | D:6      | Reached XP level 9. HP: 41/77 MP: 3/3
  6434 | D:7      | Found a staircase to the Orcish Mines.
  7284 | D:8      | Found an iron altar of Okawaru.
  7310 | D:8      | Reached skill level 8 in Fighting
  7332 | D:8      | Fell from the grace of Yredelemnul
  7332 | D:8      | Became a worshipper of Warmaster Okawaru
  7550 | D:8      | Noticed a flaming corpse
  7727 | D:8      | Found a sparkling altar of Nemelex Xobeh.
  7926 | D:8      | Acquired Okawaru's first power
  8298 | D:8      | Reached XP level 10. HP: 64/85 MP: 3/3
  8615 | D:8      | Noticed a death cob
  8615 | D:8      | Noticed a bone dragon
  8637 | D:8      | Reached skill level 9 in Fighting
  8667 | D:8      | HP: 4/86 [death cob[the anger of Yredelemnul] (14)]
  8672 | D:8      | HP: 4/86 [death cob[the anger of Yredelemnul] (7)]
  8674 | D:8      | Slain by a death cob

Action                   |  1- 3 |  4- 6 |  7- 9 | 10-12 || total
-------------------------+-------+-------+-------+-------++-------
Melee: Falchion          |   112 |   226 |   624 |    48 ||  1010
Evoke: Wand              |       |       |     6 |       ||     6
  Use: Scroll            |     2 |     5 |    12 |     1 ||    20
       Potion            |     4 |     1 |     1 |     6 ||    12
